 Dungeon Crawl Stone Soup version 0.29.0-4-gdea44cf6ec (webtiles) character file.

Game seed: 3796944147484437325

5768 qw the Cleaver (level 10, -6/60 HPs)
             Began as a Tengu Warper on Aug 28, 2022.
             Was an Elder of Okawaru.
             Mangled by an elephant (10 damage)
             ... on level 9 of the Dungeon.
             The game lasted 00:00:58 (7542 turns).

qw the Cleaver (Tengu Warper)                       Turns: 7542, Time: 00:00:58

Health: -6/60      AC: 19    Str: 15    XL:     10   Next: 78%
Magic:  14/15      EV:  9    Int: 14    God:    Okawaru [****..]
Gold:   237        SH:  0    Dex: 14    Spells: 13/13 levels left

rFire   . . .      SeeInvis .   t - +0 war axe
rCold   + . .      Faith    .   (no shield)
rNeg    . . .      Spirit   .   l - +0 plate armour
rPois   +          Reflect  .   (helmet restricted)
rElec   .          Harm     .   a - +1 cloak
rCorr   .          Rampage  .   p - +0 pair of gloves
Will    .....                   (boots unavailable)
Stlth   ..........              h - amulet of regeneration
HPRegen 1.00/turn               o - ring of poison resistance
MPRegen 0.14/turn               e - ring of protection from cold

@: about to teleport, heroic, flying quickly and evasively, quick
A: beak, talons 3, nimble flight
a: Renounce Religion, Heroism, Finesse


You were on level 9 of the Dungeon.
You worshipped Okawaru.
Okawaru was greatly pleased with you.
You visited 2 branches of the dungeon, and saw 10 of its levels.

You collected 486 gold pieces.
You spent 249 gold pieces at shops.


Innate Abilities, Weirdness & Mutations

You have a beak for a mouth.
You have claws for feet.
Your magical nature lets you fly swiftly and evasively.


   Skills:
 - Level 6.2(11.2) Fighting
 - Level 12.2(17.2) Axes
 + Level 2.2(7.2) Throwing
 - Level 7.2(12.2) Armour
 - Level 3.5(8.5) Dodging
 - Level 2.0 Spellcasting
 - Level 2.4 Translocations
 + Level 5.4 Invocations


You had 13 spell levels left.
You didn't know any spells.
Your spell library contained the following spells:

 Spells                   Type           Power      Damage    Failure   Level
 Blink                    Tloc           16%        N/A       99%         2
 Gell's Gravitas          Tloc           8%         N/A       100%        3
 Lesser Beckoning         Tloc           8%         N/A       100%        3
 Teleport Other           Tloc           8%         N/A       100%        3
 Manifold Assault         Tloc           8%         N/A       100%        5

Inventory:

Hand Weapons
 q - a -1 demon whip of venom
 t - a +0 war axe (weapon)
Missiles
 k - 2 javelins (quivered)
 s - 4 boomerangs
Armour
 a - a +1 cloak (worn)
 l - a +0 plate armour (worn)
 p - a +0 pair of gloves (worn)
Jewellery
 e - a ring of protection from cold (right hand)
 h - an amulet of regeneration (around neck)
 o - a ring of poison resistance (left hand)
Scrolls
 b - 2 scrolls of identify
Potions
 c - a potion of mutation
 d - 8 potions of curing
 f - a potion of magic
 g - 2 potions of resistance
 i - 3 potions of haste
 j - a potion of ambrosia {unknown}
 m - a potion of heal wounds {unknown}
 r - a potion of cancellation {unknown}

Dungeon Overview and Level Annotations

Branches:
Dungeon (9/15)             Temple (1/1) D:4            Lair (0/5) D:9
    Orc (0/2) D:9

Altars:
Cheibriados
Dithmenos
Elyvilon
Fedhas
Gozag
Hepliaklqana
Kikubaaqudgha
Makhleb
Nemelex Xobeh
Okawaru
Qazlal
Sif Muna
Trog
Uskayaw
Vehumet
Wu Jian
Xom
Yredelemnul
Zin
The Shining One

Shops:
D:3 =*!!   D:4 (   D:6 *

Annotations:
D:7 1 runed translucent door, Crazy Yiuf


Message History

You hit the elephant but do no damage. You hit the elephant.
You claw the elephant.
The elephant is moderately wounded.
A killer bee comes into view.
The elephant closely misses you. x2
7536 ||| Stepping ~*~*~tactically~*~*~ (stealth).
A wyvern comes into view.
The wyvern hisses angrily.
Things that are here:
a +0 short sword; 4 stones
7537 ||| Stepping ~*~*~tactically~*~*~ (stealth).
7538 ||| Stepping ~*~*~tactically~*~*~ (stealth).
You see here 2 potions of attraction.
The killer bee buzzes angrily.
You slash the elephant! Your kick misses the elephant.
You punch the elephant, but do no damage.
The elephant is heavily wounded.
You hit the wyvern.
You hear an angry buzzing noise.
The wyvern bites you! The elephant tramples you.
You hold your ground!
The elephant trunk-slaps you but does no damage.
You hear an angry buzzing noise.
You hit the elephant.
You peck the elephant, but do no damage.
The elephant is heavily wounded.
You slash the wyvern! The wyvern bites you!
7541 ||| READING scroll of teleportation.
As you read the scroll of teleportation, it crumbles to dust.
You feel strangely unstable.
The wyvern bites you but does no damage.
The elephant closely misses you. The elephant barely misses you.
The killer bee closely misses you.
You slash the elephant!
You claw the elephant, but do no damage.
The elephant is severely wounded.
You hit the wyvern. You barely miss the killer bee.
The wyvern barely misses you. The killer bee stings you.
The elephant tramples you!
You die...

#.........# #.........#
#.........+ #.........#
#........#.#.....8.... .
#........#.#.......... ...
#....l...#............
.P..#....@...#..8....>....
.........Yy..#............
........))...#>#..........
>.....##'#####.#.....8....
...(.....).....####..)).##
............y......#.))..#
..P.#++########....#.....#
.P. #....#.....# .
###..#.....#


You could see an elephant, a wyvern and a killer bee.

Vanquished Creatures
  Amaemon (D:8)
  Pikel (D:6)
  Joseph (D:7)
  An orange demon (D:8)
  Maggie (D:6)
  Grinder (D:3)
  A hornet (D:8)
  Sigmund (D:2)
  A basilisk (D:9)
  3 yaks (D:8)
  A steam dragon (D:7)
  A water moccasin (D:6)
  2 orc warriors
  3 sky beasts
  3 ice beasts
  A black bear (D:9)
  A lemure (D:6)
  4 kobold brigands
  2 bullfrogs
  A necrophage (D:3)
  3 scorpions
  3 wights (D:8)
  5 killer bees (D:7)
  A howler monkey (D:9)
  An orc priest (D:5)
  2 hounds (D:6)
  4 iguanas
  7 orc wizards
  3 gnolls (D:7)
  7 adders
  2 white imps
  An ufetubus (D:7)
  2 worms (D:2)
  A dart slug (D:2)
  31 orcs
  4 endoplasms
  3 giant cockroaches
  3 goblins
  9 hobgoblins
  8 jackals
  21 kobolds
  4 quokkas
  7 ball pythons
  8 bats
  2 frilled lizards (D:1)
  9 rats
182 creatures vanquished.

Notes
Turn   | Place    | Note
-------+----------+-------------------------------------------
     0 | D:1      | qw the Tengu Warper began the quest for the Orb.
     0 | D:1      | Reached XP level 1. HP: 12/12 MP: 4/4
     0 | D:1      | 0 ||| qw: Version: 0.1-a-89-g26bdef1
     0 | D:1      | 0 ||| qw: Game counter: 1979
     0 | D:1      | 0 ||| qw: Always use a shield: true
     0 | D:1      | 0 ||| qw: God list: Okawaru
     0 | D:1      | 0 ||| qw: Allow faded altars: false
     0 | D:1      | 0 ||| qw: Do Orc after D:15 true
     0 | D:1      | 0 ||| qw: Do second Lair branch before Depths: true
     0 | D:1      | 0 ||| qw: Lair rune preference: random
     0 | D:1      | 0 ||| qw: Plans: Normal
     0 | D:1      | 0 ||| PLANNING D:1-11
    92 | D:1      | 92 ||| Stepping ~*~*~tactically~*~*~ (stealth).
   118 | D:1      | Found a faded altar of an unknown god.
   313 | D:1      | Reached XP level 2. HP: 17/17 MP: 6/6
   345 | D:1      | Reached skill level 3 in Axes
   896 | D:1      | Reached XP level 3. HP: 20/21 MP: 7/7
  1236 | D:1      | 1236 ||| UPGRADING to +0 ring mail.
  1246 | D:1      | 1246 ||| DROPPING +0 leather armour.
  1247 | D:1      | 1247 ||| UPGRADING to amulet of regeneration.
  1252 | D:1      | 1252 ||| READING scroll labelled DIMOCW EGUHU APUYH.
  1252 | D:1      | Identified a scroll of acquirement
  1252 | D:1      | 1252 ||| ACQUIRING +1 chain mail of Space {Dex+2}
  1252 | D:1      | Acquired the +1 chain mail of Space {Dex+2}
  1254 | D:1      | 1254 ||| UPGRADING to +1 chain mail of Space {Dex+2}.
  1264 | D:1      | 1264 ||| DROPPING +0 ring mail.
  1265 | D:1      | 1265 ||| READING scroll labelled ITTUIXIEQE.
  1266 | D:1      | 1266 ||| READING scroll labelled FODGHA FOFUS.
  1267 | D:1      | 1267 ||| READING scroll labelled HUTISUXZET.
  1268 | D:1      | 1268 ||| DROPPING scroll of blinking.
  1402 | D:2      | Reached skill level 4 in Axes
  1506 | D:2      | 1506 ||| Stepping ~*~*~tactically~*~*~ (hiding).
  1626 | D:2      | Noticed Sigmund
  1637 | D:2      | Killed Sigmund
  1638 | D:2      | Reached skill level 6 in Axes
  1638 | D:2      | Reached XP level 4. HP: 14/26 MP: 8/8
  1638 | D:2      | Gained mutation: Your magical nature lets you fly swiftly
                  | and evasively. [Tengu growth]
  1638 | D:2      | Reached XP level 5. HP: 16/30 MP: 9/9
  1726 | D:2      | 1726 ||| FLEEEEING.
  1727 | D:2      | 1727 ||| FLEEEEING.
  1728 | D:2      | 1728 ||| FLEEEEING.
  1729 | D:2      | 1729 ||| FLEEEEING.
  1730 | D:2      | 1730 ||| FLEEEEING.
  1731 | D:2      | 1731 ||| FLEEEEING.
  1732 | D:2      | 1732 ||| FLEEEEING.
  1733 | D:2      | 1733 ||| FLEEEEING.
  1734 | D:2      | 1734 ||| FLEEEEING.
  1771 | D:2      | Reached XP level 6. HP: 25/35 MP: 10/10
  1972 | D:2      | 1972 ||| UPGRADING to +0 plate armour.
  1982 | D:2      | 1982 ||| DROPPING +1 chain mail of Space {Dex+2}.
  1983 | D:2      | 1983 ||| READING scroll labelled AWAZEORATU.
  1984 | D:2      | 1984 ||| READING scroll labelled KILIOF OMATA.
  1985 | D:2      | 1985 ||| DRINKING 2 blue potions.
  2090 | D:2      | 2090 ||| DROPPING potion of berserk rage.
  2226 | D:3      | Found Ofyh's Distillery.
  2229 | D:3      | Found Peruorau's General Store.
  2232 | D:3      | 2232 ||| BUYING 2 potions of curing (72 gold).
  2232 | D:3      | Bought 2 potions of curing for 72 gold pieces
  2232 | D:3      | 2232 ||| BUYING 2 potions of curing (72 gold).
  2232 | D:3      | Bought 2 potions of curing for 72 gold pieces
  2232 | D:3      | 2232 ||| SHOPLISTING 2 potions of curing (72 gold, have 2).
  2232 | D:3      | 2232 ||| SHOPLISTING potion of might (48 gold, have 2).
  2232 | D:3      | 2232 ||| SHOPLISTING potion of mutation (96 gold, have 2).
  2247 | D:3      | 2247 ||| SHOPLISTING +0 pair of gloves (45 gold, have 2).
  2307 | D:3      | Found Cicleosch's Distillery.
  2309 | D:3      | 2309 ||| Stepping ~*~*~tactically~*~*~ (stealth).
  2310 | D:3      | 2310 ||| Stepping ~*~*~tactically~*~*~ (stealth).
  2317 | D:3      | Reached skill level 7 in Axes
  2324 | D:3      | 2324 ||| SHOPLISTING potion of curing (36 gold, have 2).
  2324 | D:3      | 2324 ||| SHOPLISTING potion of haste (120 gold, have 2).
  2324 | D:3      | 2324 ||| SHOPLISTING potion of might (48 gold, have 2).
  2324 | D:3      | 2324 ||| SHOPLISTING potion of mutation (96 gold, have 2).
  2376 | D:3      | 2376 ||| Stepping ~*~*~tactically~*~*~ (stealth).
  2378 | D:3      | 2378 ||| Stepping ~*~*~tactically~*~*~ (stealth).
  2383 | D:3      | 2383 ||| Stepping ~*~*~tactically~*~*~ (stealth).
  2384 | D:3      | 2384 ||| Stepping ~*~*~tactically~*~*~ (stealth).
  2385 | D:3      | 2385 ||| Stepping ~*~*~tactically~*~*~ (stealth).
  2395 | D:3      | 2395 ||| Stepping ~*~*~tactically~*~*~ (stealth).
  2396 | D:3      | 2396 ||| Stepping ~*~*~tactically~*~*~ (stealth).
  2397 | D:3      | 2397 ||| Stepping ~*~*~tactically~*~*~ (stealth).
  2551 | D:3      | Noticed Grinder
  2553 | D:3      | 2553 ||| Stepping ~*~*~tactically~*~*~ (hiding).
  2554 | D:3      | 2554 ||| Stepping ~*~*~tactically~*~*~ (hiding).
  2558 | D:3      | Paralysed by Grinder for 4 turns
  2571 | D:3      | Killed Grinder
  2572 | D:3      | Reached XP level 7. HP: 15/40 MP: 11/11
  2642 | D:3      | Found Teistiev's Jewellery Emporium.
  2649 | D:3      | 2649 ||| SHOPLISTING +4 ring of protection (396 gold, have
                  | 24).
  2649 | D:3      | 2649 ||| SHOPLISTING ring of protection from fire (275
                  | gold, have 24).
  2649 | D:3      | 2649 ||| SHOPLISTING ring of see invisible (165 gold, have
                  | 24).
  2649 | D:3      | 2649 ||| SHOPLISTING ring of willpower (275 gold, have 24).
  2652 | D:3      | Found a hide-covered altar of Uskayaw.
  2672 | D:3      | Reached skill level 3 in Fighting
  2722 | D:3      | Found a radiant altar of Vehumet.
  2850 | D:3      | 2850 ||| DRINKING 2 grey potions.
  2851 | D:3      | 2851 ||| DRINKING 3 amethyst potions.
  2852 | D:3      | 2852 ||| DROPPING potion of flight.
  3019 | D:4      | Found a staircase to the Ecumenical Temple.
  3020 | D:4      | 3020 ||| PLANNING TEMPLE
  3020 | D:4      | 3020 ||| READING 2 scrolls labelled QOPPYL RYOWK.
  3021 | D:4      | 3021 ||| READING scroll labelled ZEULAETOSAECUW.
  3130 | Temple   | Entered the Ecumenical Temple
  3229 | Temple   | Became a worshipper of Warmaster Okawaru
  3281 | Temple   | 3281 ||| PLANNING D:1-11
  3314 | D:4      | 3314 ||| Stepping ~*~*~tactically~*~*~ (stealth).
  3328 | D:4      | 3328 ||| Stepping ~*~*~tactically~*~*~ (stealth).
  3329 | D:4      | 3329 ||| Stepping ~*~*~tactically~*~*~ (stealth).
  3339 | D:4      | 3339 ||| Stepping ~*~*~tactically~*~*~ (hiding).
  3360 | D:4      | 3360 ||| DROPPING +0 whip.
  3498 | D:4      | Found Ocho's Antique Weapon Shop.
  3505 | D:4      | 3505 ||| SHOPLISTING +5 demon whip "Spellbinder"
                  | {antimagic, Will+} (2147 gold, have 68).
  3505 | D:4      | 3505 ||| SHOPLISTING war axe (91 gold, have 68).
  3713 | D:4      | 3713 ||| Stepping ~*~*~tactically~*~*~ (stealth).
  3714 | D:4      | 3714 ||| Stepping ~*~*~tactically~*~*~ (stealth).
  3931 | D:4      | 3931 ||| DROPPING amulet of the acrobat.
  3932 | D:4      | 3932 ||| UPGRADING to ring of poison resistance.
  3933 | D:4      | 3933 ||| READING scroll labelled DORIGU CEISAI.
  3934 | D:4      | 3934 ||| DRINKING 2 dark potions.
  3935 | D:4      | 3935 ||| READING 2 scrolls of identify.
  3935 | D:4      | 3935 ||| IDENTIFYING smoky orange potion
  3936 | D:4      | 3936 ||| DROPPING potion of lignification.
  3937 | D:4      | 3937 ||| DROPPING potion of attraction.
  3959 | D:5      | Entered Level 5 of the Dungeon
  3968 | D:5      | 3968 ||| STAIRDANCE
  4053 | D:5      | Reached skill level 8 in Axes
  4115 | D:5      | Reached XP level 8. HP: 46/46 MP: 12/12
  4191 | D:5      | 4191 ||| Stepping ~*~*~tactically~*~*~ (hiding).
  4193 | D:5      | 4193 ||| Stepping ~*~*~tactically~*~*~ (hiding).
  4311 | D:5      | 4311 ||| DRINKING 6 potions of curing.
  4311 | D:5      | 4311 ||| (to cure confusion)
  4573 | D:5      | 4573 ||| UPGRADING to +0 cloak.
  4578 | D:5      | 4578 ||| DROPPING +6 ring of intelligence.
  4579 | D:5      | 4579 ||| DROPPING ring of wizardry.
  4580 | D:5      | 4580 ||| READING 2 scrolls labelled ISKASI GESO.
  4620 | D:6      | Reached skill level 9 in Axes
  4645 | D:6      | 4645 ||| READING scroll of enchant armour.
  4645 | D:6      | 4645 ||| ENCHANTING +0 cloak.
  4754 | D:6      | Reached * piety under Okawaru
  4762 | D:6      | 4762 ||| Stepping ~*~*~tactically~*~*~ (stealth).
  4766 | D:6      | 4766 ||| Stepping ~*~*~tactically~*~*~ (stealth).
  4783 | D:6      | 4783 ||| Stepping ~*~*~tactically~*~*~ (stealth).
  4788 | D:6      | Reached skill level 1 in Invocations
  4831 | D:6      | Found a white marble altar of Elyvilon.
  4884 | D:6      | Found Maeqeann's CLEARANCE SALE!.
  4899 | D:6      | 4899 ||| BUYING potion of haste (30 gold).
  4899 | D:6      | Bought a potion of haste for 30 gold pieces
  4899 | D:6      | 4899 ||| BUYING ring of protection from cold (75 gold).
  4899 | D:6      | Bought a ring of protection from cold for 75 gold pieces
  4901 | D:6      | 4901 ||| Stepping ~*~*~tactically~*~*~ (stealth).
  4911 | D:6      | 4911 ||| Stepping ~*~*~tactically~*~*~ (stealth).
  4912 | D:6      | 4912 ||| Stepping ~*~*~tactically~*~*~ (stealth).
  5004 | D:6      | 5004 ||| DROPPING +0 flail.
  5083 | D:6      | Noticed Maggie
  5084 | D:6      | 5084 ||| Stepping ~*~*~tactically~*~*~ (stealth).
  5086 | D:6      | 5086 ||| Stepping ~*~*~tactically~*~*~ (hiding).
  5110 | D:6      | Killed Maggie
  5110 | D:6      | Reached ** piety under Okawaru
  5111 | D:6      | Reached skill level 10 in Axes
  5111 | D:6      | Reached skill level 3 in Invocations
  5111 | D:6      | Reached XP level 9. HP: 20/52 MP: 13/13
  5384 | D:6      | 5384 ||| UPGRADING to ring of protection from cold.
  5385 | D:6      | 5385 ||| READING scroll labelled YRYMEFRICAOS.
  5386 | D:6      | 5386 ||| READING 2 scrolls of identify.
  5386 | D:6      | 5386 ||| IDENTIFYING glowing green potion
  5409 | D:7      | Noticed Pikel
  5410 | D:7      | 5410 ||| STAIRDANCE
  5412 | D:6      | 5412 ||| INVOKING Heroism.
  5433 | D:6      | Killed Pikel
  5503 | D:7      | Noticed Joseph
  5506 | D:7      | 5506 ||| INVOKING Heroism.
  5533 | D:7      | Killed Joseph
  5547 | D:7      | 5547 ||| INVOKING Heroism.
  5649 | D:7      | 5649 ||| Stepping ~*~*~tactically~*~*~ (hiding).
  5651 | D:7      | 5651 ||| Stepping ~*~*~tactically~*~*~ (hiding).
  5656 | D:7      | 5656 ||| INVOKING Heroism.
  5660 | D:7      | 5660 ||| Stepping ~*~*~tactically~*~*~ (stealth).
  5701 | D:7      | 5701 ||| Stepping ~*~*~tactically~*~*~ (stealth).
  5709 | D:7      | Reached skill level 11 in Axes
  5811 | D:7      | Reached XP level 10. HP: 50/60 MP: 14/14
  5812 | D:7      | 5812 ||| INVOKING Heroism.
  5877 | D:7      | Identified the +5 falchion of the Past {vorpal, Int+4}
  5880 | D:7      | 5880 ||| INVOKING Heroism.
  5881 | D:7      | 5881 ||| READING scroll labelled VAANKYFINK.
  5894 | D:7      | 5894 ||| Stepping ~*~*~tactically~*~*~ (cloud).
  5973 | D:7      | Reached *** piety under Okawaru
  6096 | D:7      | Found a runed translucent door.
  6097 | D:7      | Noticed Crazy Yiuf
  6469 | D:7      | 6469 ||| UPGRADING to +0 pair of gloves.
  6474 | D:7      | 6474 ||| DRINKING 2 lumpy golden potions.
  6475 | D:7      | 6475 ||| READING 2 scrolls of identify.
  6475 | D:7      | 6475 ||| IDENTIFYING yellow potion
  6476 | D:7      | 6476 ||| DROPPING potion of brilliance.
  6506 | D:8      | 6506 ||| INVOKING Heroism.
  6516 | D:8      | 6516 ||| DRINKING 7 potions of curing.
  6516 | D:8      | 6516 ||| (to cure confusion)
  6558 | D:8      | Reached skill level 6 in Armour
  6585 | D:8      | Reached skill level 12 in Axes
  6754 | D:8      | 6754 ||| Stepping ~*~*~tactically~*~*~ (stealth).
  6755 | D:8      | 6755 ||| Stepping ~*~*~tactically~*~*~ (stealth).
  6773 | D:8      | Reached skill level 6 in Fighting
  6786 | D:8      | Reached skill level 3 in Dodging
  6809 | D:8      | Noticed Amaemon
  6810 | D:8      | 6810 ||| Stepping ~*~*~tactically~*~*~ (hiding).
  6811 | D:8      | 6811 ||| Stepping ~*~*~tactically~*~*~ (hiding).
  6814 | D:8      | 6814 ||| INVOKING Heroism.
  6829 | D:8      | Killed Amaemon
  6829 | D:8      | Reached **** piety under Okawaru
  6830 | D:8      | HP: 15/60 [poisoned by Amaemon]
  6831 | D:8      | 6831 ||| FLEEEEING.
  6832 | D:8      | 6832 ||| FLEEEEING.
  6833 | D:8      | 6833 ||| FLEEEEING.
  6834 | D:8      | 6834 ||| FLEEEEING.
  6835 | D:8      | 6835 ||| FLEEEEING.
  6835 | D:8      | HP: 15/60 [poisoned by Amaemon]
  6836 | D:8      | 6836 ||| FLEEEEING.
  6837 | D:8      | 6837 ||| FLEEEEING.
  6838 | D:8      | 6838 ||| FLEEEEING.
  6839 | D:8      | 6839 ||| FLEEEEING.
  6840 | D:8      | 6840 ||| FLEEEEING.
  6841 | D:8      | 6841 ||| FLEEEEING.
  6842 | D:8      | 6842 ||| FLEEEEING.
  6843 | D:8      | 6843 ||| FLEEEEING.
  6844 | D:8      | 6844 ||| FLEEEEING.
  6845 | D:8      | 6845 ||| FLEEEEING.
  6846 | D:8      | 6846 ||| FLEEEEING.
  6847 | D:8      | 6847 ||| FLEEEEING.
  6848 | D:8      | 6848 ||| FLEEEEING.
  6849 | D:8      | 6849 ||| FLEEEEING.
  6850 | D:8      | 6850 ||| FLEEEEING.
  6851 | D:8      | 6851 ||| FLEEEEING.
  6852 | D:8      | 6852 ||| STAIRDANCE
  6997 | D:8      | 6997 ||| DROPPING +0 morningstar.
  7000 | D:8      | Noticed an orange demon
  7001 | D:8      | 7001 ||| Stepping ~*~*~tactically~*~*~ (hiding).
  7018 | D:8      | Killed an orange demon
  7171 | D:8      | 7171 ||| Stepping ~*~*~tactically~*~*~ (hiding).
  7177 | D:8      | 7177 ||| INVOKING Heroism.
  7383 | D:8      | 7383 ||| SWAPPING to +0 war axe.
  7384 | D:8      | 7384 ||| DROPPING +1 vorpal hand axe.
  7447 | D:9      | Found a staircase to the Orcish Mines.
  7448 | D:9      | 7448 ||| INVOKING Heroism.
  7487 | D:9      | Noticed an elephant
  7488 | D:9      | 7488 ||| Stepping ~*~*~tactically~*~*~ (stealth).
  7489 | D:9      | 7489 ||| Stepping ~*~*~tactically~*~*~ (stealth).
  7493 | D:9      | 7493 ||| INVOKING Heroism.
  7502 | D:9      | Found a staircase to the Lair.
  7525 | D:9      | 7525 ||| INVOKING Heroism.
  7536 | D:9      | 7536 ||| Stepping ~*~*~tactically~*~*~ (stealth).
  7537 | D:9      | 7537 ||| Stepping ~*~*~tactically~*~*~ (stealth).
  7538 | D:9      | 7538 ||| Stepping ~*~*~tactically~*~*~ (stealth).
  7540 | D:9      | HP: 4/60 [wyvern (14)]
  7541 | D:9      | 7541 ||| READING scroll of teleportation.
  7542 | D:9      | Mangled by an elephant

Levels and vault maps discovered:
D:1:      beargit_arrival_diablo_church, layout_basic,
          ebering_ecumenical_altar_rust, minmay_crystal_room,
          chequers_serial_rivers_micro_d
D:2:      layout_rooms, kennysheep_cross_room, st_stairs_10, uniq_sigmund
D:3:      layout_rooms, mainiacjoe_overflow_catch_the_wave, serial_shops,
          nicolae_shop_trees, shop, shop, nicolae_shop_hallway_plus,
          roderic_malta_cross, uniq_grinder
D:4:      layout_basic, minmay_temple_entry_antechambers, serial_shops,
          shop_statue, roderic_serpentine_path, grunt_decor_junction
D:5:      cheibrodos_quashed, layout_gridville
D:6:      layout_loops_ring, elyvilon_altar_1, nicolae_shop_clearance,
          uniq_maggie
D:7:      layout_basic, uniq_pikel, uniq_crazy_yiuf_cottage, uniq_joseph
D:8:      layout_layer_cave, uniq_amaemon
D:9:      layout_irregular_city, ashenzari_altar_1, kennysheep_little_box,
          david_lair_generic, david_orc_2
Temple:   nicolae_temple_bog_church

Skill      XL: |  1  2  3  4  5  6  7  8  9 10 |
---------------+-------------------------------+-----
Axes           | 3 6 7 8 10 11 12 | 12.2
Armour         | 4 5 7 |  7.2
Fighting       | 3 4 5 6 |  6.2
Invocations    | 3 4 5 |  5.4
Dodging        | 3 |  3.5
Throwing       | 2 |  2.2
Spellcasting   | |  2.0
Translocations | |  2.4

Action                   |  1- 3 |  4- 6 |  7- 9 | 10-12 || total
-------------------------+-------+-------+-------+-------++-------
Melee: Hand axe          |    83 |    82 |   338 |   130 ||   633
       Kick              |    21 |    18 |    98 |    60 ||   197
       Peck              |    10 |     6 |    59 |    37 ||   112
       Punch             |     1 |     1 |     7 |     3 ||    12
       War axe           |       |       |       |    33 ||    33
Throw: Boomerang         |     7 |       |       |       ||     7
       Javelin           |       |       |       |     4 ||     4
Invok: Heroism           |       |       |     4 |     8 ||    12
  Use: Scroll            |     4 |     2 |     8 |     3 ||    17
       Potion            |       |     1 |     4 |     2 ||     7
Armor: Leather armour    |     8 |       |       |       ||     8
       Chain mail        |    21 |    22 |       |       ||    43
       Plate armour      |       |    25 |   156 |   122 ||   303
Dodge: Dodged            |    35 |    20 |    58 |    54 ||   167

Table legend:
 A = Non-vault XP
 B = Vault XP
 C = Vault XP percentage of total XP
 D = Non-vault monster count
 E = Vault monster count
 F = Vault count percentage of total count
                 A         B        C        D         E       F
            +---------+---------+-------+---------+---------+-------
      Total |    4506 |    3735 |  45.3 |     164 |      17 |   9.4
            +---------+---------+-------+---------+---------+-------
        D:1 |      36 |       0 |   0.0 |      24 |       0 |   0.0
        D:2 |      73 |     221 |  75.2 |      21 |       3 |  12.5
        D:3 |     274 |     286 |  51.1 |      20 |       1 |   4.8
        D:4 |      99 |       0 |   0.0 |      14 |       0 |   0.0
        D:5 |     471 |       0 |   0.0 |      17 |       0 |   0.0
        D:6 |     844 |    1080 |  56.1 |      23 |       2 |   8.0
        D:7 |    1131 |     486 |  30.1 |      20 |       1 |   4.8
        D:8 |    1417 |    1205 |  46.0 |      21 |       2 |   8.7
        D:9 |     161 |     457 |  73.9 |       4 |       8 |  66.7
            +---------+---------+-------+---------+---------+-------
